 Dungeon Crawl Stone Soup version 0.28-a0-773-g130ae17fe5 (webtiles) character file.

Game seed: 1580675884276349259

3 ytrimaz the Ducker (level 1, 0/16 HPs)
             Began as a Demonspawn Gladiator on Nov 1, 2021.
             Slain by a goblin (4 damage)
             ... on level 1 of the Dungeon.
             The game lasted 00:00:21 (46 turns).

ytrimaz the Ducker (Demonspawn Gladiator)             Turns: 46, Time: 00:00:22

Health: 0/16       AC:  4    Str: 14    XL:     1   Next: 41%
Magic:  1/1        EV: 12    Int:  9    God:
Gold:   0          SH:  0    Dex: 14    Spells: 0/0 levels left

rFire   . . .      SeeInvis .   a - +0 rapier
rCold   . . .      Faith    .   (no shield)
rNeg    . . .      Spirit   .   b - +0 leather armour
rPois   .          Reflect  .   c - +0 helmet
rElec   .          Harm     .   (no cloak)
rCorr   .          Rampage  .   (no gloves)
Will    .....                   (no boots)
Stlth   +.........              (no amulet)
HPRegen 0.05/turn               (no ring)
MPRegen 0.07/turn               (no ring)

@: no status effects
A: no striking features
a: no special abilities


You were on level 1 of the Dungeon.
You visited 1 branch of the dungeon, and saw 1 of its levels.

Inventory:

Hand Weapons
 a - a +0 rapier (weapon)
Missiles
 d - 3 throwing nets (quivered)
Armour
 b - a +0 leather armour (worn)
 c - a +0 helmet (worn)
Scrolls
 e - a scroll of vulnerability {unknown}


   Skills:
 + Level 2.0 Fighting
 + Level 2.7 Short Blades
 - Level 1.7 Throwing
 * Level 0.2 Armour
 + Level 2.7 Dodging


You couldn't memorise any spells.
You didn't know any spells.
Your spell library was empty.

Dungeon Overview and Level Annotations

Branches:
Dungeon (1/15)

Altars:


Message History

Things that are here:
a +0 dagger; a goblin corpse
e - a scroll labelled IDUSOI HECH A rat comes into view.
A rat is nearby!
A rat is nearby!
A rat is nearby!
A rat is nearby!
A kobold comes into view. It is wielding a +0 dagger.
Found a smoky amethyst potion.
The rat bites you.
You hit the rat but do no damage.
The kobold shouts!
The rat bites you but does no damage.
A goblin comes into view. It is wielding a +0 club.
The goblin shouts!
You hit the rat.
You kill the rat!
You hear a shout!
You see here a rat corpse.
The goblin closely misses you. The kobold hits you with a +0 dagger.
You hit the goblin but do no damage. The goblin hits you with a +0 club.
The kobold hits you with a +0 dagger.
You closely miss the kobold. The goblin hits you but does no damage.
The kobold hits you with a +0 dagger.
* * * LOW HITPOINT WARNING * * *
You hit the kobold but do no damage. The goblin closely misses you.
The kobold closely misses you.
You hit the kobold.
You kill the kobold!
The goblin closely misses you.
You hit the goblin.
The goblin is heavily wounded.
The goblin hits you but does no damage.
You completely miss the goblin.
The goblin is heavily wounded.
The goblin hits you but does no damage.
You hit the goblin but do no damage.
The goblin is heavily wounded.
The goblin hits you with a +0 club.
You die...

....###########
P........#.....##
...♣............##
.................#
#...............#
#...............#
#.....g...>....)#
#....)@.........#
#!..............#
##.....†......#'######
##.....#.....+......#
#############+####.#
#.#..#.# #.'<.+.#
#.#..#.# #.####.#


You could see a goblin.

Vanquished Creatures
  A goblin (D:1)
  A kobold (D:1)
  A rat (D:1)
3 creatures vanquished.

Vanquished Creatures (others)
  A plant (D:1)
1 creature vanquished.

Grand Total: 4 creatures vanquished

Notes
Turn   | Place    | Note
-------+----------+-------------------------------------------
     0 | D:1      | ytrimaz the Demonspawn Gladiator began the quest for the
                  | Orb.
     0 | D:1      | Reached XP level 1. HP: 16/16 MP: 1/1
    46 | D:1      | Slain by a goblin

Illustrated notes

Levels and vault maps discovered:
D:1:      ncdulo_smallfort, layout_rooms,
          shapermc_ecumenical_altar_mp_ritualfount, st_stairs_4,
          kennysheep_doodads, chequers_serial_rivers_room_b,
          serial_bayou_pond_a, lexackson_kobold_supper

Action                   || total
-------------------------++-------
Melee: Rapier            ||    11
Armor: Leather armour    ||     6
Dodge: Dodged            ||     4

Table legend: (Time is in decaauts)
 A = Elapsed time spent in this place.
 B = Non-inter-level travel time spent in this place.
 C = Inter-level travel time spent in this place.
 D = Time resting spent in this place.
 E = Time spent auto-exploring this place.
 F = Levels seen in this place.
 G = Mean time per level.
                   A        B        C        D        E       F      G
               +--------+--------+--------+--------+--------+-----+--------+
         Total |     46 |     46 |      0 |      0 |     18 |   1 |   46.0 |
       Dungeon |     46 |     46 |      0 |      0 |     18 |   1 |   46.0 |
               +--------+--------+--------+--------+--------+-----+--------+

Top non-repeatable levels by time:
     D:1: 46 daAuts
